 Dungeon Sprint DCSS version 0.21-a0-401-g0b6bec4 (webtiles) character file.

7347 Kidiri the Fighter (level 10, -9/91 HPs)
             Began as a Demonspawn Monk on Oct 26, 2017.
             Was an Elder of Wu Jian.
             Killed from afar by a lindwurm (36 damage)
             ... with a blast of flame
             ... in the Dungeon (Sprint VII: "The Pits").
             The game lasted 00:10:14 (2850 turns).

Kidiri the Fighter (Demonspawn Monk)                Turns: 2850, Time: 00:10:15

Health: -9/91      AC: 11    Str: 12    XL:     10   Next: 91%
Magic:  10/10      EV: 23    Int: 12    God:    Wu Jian [****..]
Gold:   0          SH:  0    Dex: 21    Spells: 9/9 levels left

rFire    . . .     SeeInvis .   a - +2 falchion
rCold    . . .     Gourm    .   (no shield)
rNeg     . . .     Faith    .   b - +0 robe
rPois    .         Spirit   .   (no helmet)
rElec    .         Reflect  .   v - +0 cloak
rCorr    .         Harm     .   (gloves unavailable)
MR       .....     NoTele   +   u - +0 pair of boots
Stlth    +++++++...             (no amulet)
HPRegen  0.25/turn              n - +3 ring of dexterity
MPRegen  0.12/turn              p - +3 ring of protection

@: no status effects
A: claws 3, molten scales 2, demonic guardian 1, nightstalker 1
a: Serpent's Lash, Renounce Religion


You were in the Dungeon.
You worshipped Wu Jian.
Wu Jian was greatly pleased with you.
You were not hungry.

You visited 1 branch

Inventory:

Hand Weapons
 a - a +2 falchion (weapon)
 o - a +0 long sword of flaming
Armour
 b - a +0 robe (worn)
 u - a +0 pair of boots (worn)
 v - a +0 cloak (worn)
Jewellery
 n - a +3 ring of dexterity (left claw)
 p - a +3 ring of protection (right claw)
Scrolls
 i - a scroll of blinking
 k - 3 scrolls of remove curse
 l - 5 scrolls of amnesia
 m - a scroll of summoning
Potions
 d - 5 potions of curing
 e - a potion of heal wounds
 f - 2 potions of haste
 g - 4 potions of magic
 h - 3 potions of berserk rage
 j - 2 potions of invisibility
 q - a potion of brilliance
 r - a potion of mutation
 s - a potion of agility
 t - a potion of might


   Skills:
 * Level 12.8 Fighting
 * Level 11.8 Long Blades
 + Level 8.3 Armour
 * Level 11.8 Dodging
 * Level 12.5 Stealth


You had 9 spell levels left.
You didn't know any spells.

Dungeon Overview and Level Annotations

Branches:
Dungeon (1/1)

Altars:
Ashenzari
Cheibriados
Dithmenos
Elyvilon
Fedhas
Gozag
Hepliaklqana
Kikubaaqudgha
Makhleb
Nemelex Xobeh
Okawaru
Qazlal
Ru
Sif Muna
Trog
Uskayaw
Vehumet
Wu Jian
Xom
Yredelemnul
Zin
The Shining One
Beogh
Jiyva
Lugonu

Annotations:
D exclusions: 4 doors and 4 more exclusions


Innate Abilities, Weirdness & Mutations

You have claws for hands.
You are mostly covered in molten scales. (AC +3)
A weak demonic guardian rushes to your aid.
You are slightly more attuned to the shadows.


Message History

The lindwurm misses you.
Unknown command.
You spin and attack the lindwurm repeatedly.
You hit the lindwurm but do no damage.
The lindwurm is severely wounded.
You hit the lindwurm.
The lindwurm is severely wounded.
The lindwurm bites you but does no damage.
The lindwurm claws you.
* * * LOW HITPOINT WARNING * * *
The lindwurm claws you.
* * * LOW HITPOINT WARNING * * *
There is an open door here.
Unknown command.
Unknown command.
You spin and attack the lindwurm.
You barely miss the lindwurm.
The lindwurm is severely wounded.
The lindwurm breathes flames at you. The blast of flame hits you!
You die...

...............#
.....#..#......#
...............+
...............+
)....#..#......#
.......§§§§....#
##+#####§§######
......##§§# ########
......##÷÷# ##5k@...#
......##..###..#§#.....
..<...##..##..##)##....
......##..##.##...##...
......##..####.....# .#
......##...##..(...# ..#
########....'......+ ..+
########...##......# ..#
.#....##..####.....##.##


You could see a lindwurm and a friendly iron imp.

Vanquished Creatures
  A sun demon (D)
  A deep troll (D)
  A deep elf mage (D)
  A cyclops (D)
  A molten gargoyle (D)
  3 black mambas (D)
  A smoke demon (D)
  A rime drake (D)
  A komodo dragon (D)
  A freezing wraith (D)
  Prince Ribbit (D)
  3 blink frogs (D)
  4 redbacks (D)
  6 yaks (D)
  A tarantella (D)
  A flying skull (D)
  A basilisk (D)
  A hungry ghost (D)
  A water moccasin (D)
  A floating eye (D)
  An ice beast (D)
  A crocodile (D)
  A gnoll sergeant (D)
  A worker ant (D)
  A mummy (D)
  4 gnolls (D)
  An adder zombie (D)
  2 adder skeletons (D)
  2 leopard geckos (D)
  A bat skeleton (D)
  2 bat zombies (D)
  A giant cockroach (D)
  A hobgoblin (D)
  4 jackals (D)
  A ball python zombie (D)
  A jackal zombie (D)
  A leopard gecko skeleton (D)
58 creatures vanquished.

Vanquished Creatures (collateral kills)
  An eye of draining (D)
1 creature vanquished.

Vanquished Creatures (others)
  2 orcs (D)
2 creatures vanquished.

Grand Total: 61 creatures vanquished

Notes
Turn   | Place    | Note
-------+----------+-------------------------------------------
     0 | D        | Kidiri the Demonspawn Monk began the quest for the Orb.
     0 | D        | Reached XP level 1. HP: 18/18 MP: 1/1
    51 | D        | Found a bloodstained altar of Trog.
    51 | D        | Found a deep blue altar of Sif Muna.
    51 | D        | Found a viscous altar of Jiyva.
    51 | D        | Found a hazy altar of Hepliaklqana.
    51 | D        | Found an opulent altar of Gozag.
    52 | D        | Found a glowing golden altar of the Shining One.
    52 | D        | Found a glowing silver altar of Zin.
    52 | D        | Found a basalt altar of Yredelemnul.
    52 | D        | Found a shimmering altar of Xom.
    52 | D        | Found an ornate altar of the Wu Jian Council.
    52 | D        | Found a sacrificial altar of Ru.
    52 | D        | Found a stormy altar of Qazlal.
    52 | D        | Found an iron altar of Okawaru.
    52 | D        | Found a sparkling altar of Nemelex Xobeh.
    52 | D        | Found a burning altar of Makhleb.
    52 | D        | Found a blossoming altar of Fedhas.
    52 | D        | Found a white marble altar of Elyvilon.
    52 | D        | Found a shadowy altar of Dithmenos.
    52 | D        | Found a snail-covered altar of Cheibriados.
    54 | D        | Found a radiant altar of Vehumet.
    54 | D        | Found a corrupted altar of Lugonu.
    54 | D        | Found a roughly hewn altar of Beogh.
    55 | D        | Found a hide-covered altar of Uskayaw.
    55 | D        | Found an ancient bone altar of Kikubaaqudgha.
    55 | D        | Found a shattered altar of Ashenzari.
    61 | D        | Became a worshipper of the Wu Jian Council
    61 | D        | Reached * piety under Wu Jian
    61 | D        | Reached ** piety under Wu Jian
   319 | D        | Noticed a floating eye
   321 | D        | Paralysed by a floating eye for 2 turns
   324 | D        | Reached skill level 1 in Armour
   324 | D        | Gained mutation: You have sharp fingernails. [demonic ancestry]
   324 | D        | Reached XP level 2. HP: 25/25 MP: 2/2
   325 | D        | Paralysed by a floating eye for 2 turns
   332 | D        | Paralysed by a floating eye for 4 turns
   338 | D        | Paralysed by a floating eye for 4 turns
   344 | D        | Killed a floating eye
   344 | D        | Reached *** piety under Wu Jian
   344 | D        | Reached skill level 5 in Fighting
   344 | D        | Gained mutation: You are slightly more attuned to the shadows. [demonic ancestry]
   344 | D        | Reached XP level 3. HP: 28/33 MP: 3/3
   344 | D        | Gained mutation: You are partially covered in molten scales. (AC +2) [demonic ancestry]
   344 | D        | Reached XP level 4. HP: 33/39 MP: 4/4
   400 | D        | Noticed a deep elf mage
   404 | D        | Reached **** piety under Wu Jian
   409 | D        | Killed a deep elf mage
   409 | D        | Gained mutation: You have very sharp fingernails. [demonic ancestry]
   409 | D        | Reached XP level 5. HP: 49/49 MP: 5/5
   409 | D        | Gained mutation: You have claws for hands. [demonic ancestry]
   409 | D        | Reached XP level 6. HP: 56/56 MP: 6/6
   409 | D        | Gained mutation: You are mostly covered in molten scales. (AC +3) [demonic ancestry]
   409 | D        | Reached XP level 7. HP: 61/61 MP: 7/7
   625 | D        | HP: 2/61 [gnoll/spear of venom (9)]
   634 | D        | Reached ***** piety under Wu Jian
  1157 | D        | Noticed a rime drake
  1183 | D        | Killed a rime drake
  1183 | D        | Reached skill level 5 in Armour
  1341 | D        | Noticed Prince Ribbit
  1342 | D        | Reached XP level 8. HP: 70/70 MP: 8/8
  1342 | D        | Reached ****** piety under Wu Jian
  1349 | D        | Killed Prince Ribbit
  1553 | D        | Noticed a smoke demon
  1553 | D        | Noticed a black mamba
  1556 | D        | Killed a black mamba
  1556 | D        | Killed a smoke demon
  1690 | D        | Reached skill level 10 in Fighting
  1690 | D        | Reached XP level 9. HP: 67/78 MP: 9/9
  1692 | D        | Reached skill level 10 in Stealth
  1697 | D        | Reached skill level 10 in Dodging
  1697 | D        | Reached skill level 10 in Long Blades
  1859 | D        | Noticed a black mamba
  1859 | D        | Noticed a black mamba
  1860 | D        | Noticed a deep troll
  1860 | D        | Noticed a cyclops
  1864 | D        | Killed a black mamba
  1864 | D        | Killed a cyclops
  1864 | D        | Gained mutation: A weak demonic guardian rushes to your aid. [demonic ancestry]
  1864 | D        | Reached XP level 10. HP: 82/88 MP: 10/10
  1865 | D        | Killed a black mamba
  1869 | D        | Killed a deep troll
  2371 | D        | Noticed a death yak
  2372 | D        | Noticed a sun demon
  2384 | D        | Killed a sun demon
  2392 | D        | Noticed a death yak
  2392 | D        | Noticed a lindwurm
  2608 | D        | Noticed a molten gargoyle
  2620 | D        | Killed a molten gargoyle
  2850 | D        | Killed from afar by a lindwurm

Vault maps used:
D:        pitsprint

Skill      XL: |  1  2  3  4  5  6  7  8  9 10 |
---------------+-------------------------------+-----
Stealth        | 2 4 7 8 9 11 12 | 12.5
Long Blades    | 3 4 7 8 9 10 11 | 11.8
Dodging        | 3 4 7 8 9 10 11 | 11.8
Armour         | 1 2 4 5 6 7 8 |  8.3
Fighting       | 5 7 8 10 11 12 | 12.8

Action                   |  1- 3 |  4- 6 |  7- 9 | 10-12 || total
-------------------------+-------+-------+-------+-------++-------
Melee: Falchion          |    21 |    12 |   129 |    87 ||   249
Invok: Serpent's Lash    |       |       |     7 |     3 ||    10
       Heavenly Storm    |       |       |     4 |     2 ||     6
  Use: Potion            |       |     1 |     8 |       ||     9
 Stab: Sleeping          |       |       |     4 |     1 ||     5
       Distracted        |       |       |     1 |     3 ||     4
  Eat: Bread ration      |       |       |     1 |       ||     1
       Chunk             |       |       |     1 |     3 ||     4
Armor: Robe              |     4 |     1 |    14 |     6 ||    25
Dodge: Dodged            |    24 |    13 |    70 |    53 ||   160
       Rpst.: Falchion   |     7 |     7 |    27 |    13 ||    54

Table legend:
 A = Spawn XP
 B = Non-spawn XP
 C = Spawn XP percentage of total XP
 D = Spawn monster count
 E = Non-spawn monster count
 F = Spawn count percentage of total count
 G = Total turns spent on level
                    A         B        C        D         E        F      G
               +---------+---------+-------+---------+---------+-------+---------
         Total |       0 |   10496 |   0.0 |       0 |      59 |   0.0 |  2850
               +---------+---------+-------+---------+---------+-------+---------
             D |       0 |   10496 |   0.0 |       0 |      59 |   0.0 |  2850
               +---------+---------+-------+---------+---------+-------+---------
